 Dungeon Crawl Stone Soup version 0.31.0-12-g77e489cdc1 (webtiles) character file.

Game seed: 3036589894170523673

56 Arctor the Firebug (level 3, 0/19 HPs)
             Began as a Deep Elf Fire Elementalist on Feb 25, 2024.
             Slain by an orc wizard
             ... wielding a +0 dagger
              (4 damage)
             ... on level 3 of the Dungeon.
             The game lasted 00:01:59 (3219 turns).

Arctor the Firebug (Deep Elf Fire Elementalist)     Turns: 3219, Time: 00:02:00

Health: 0/19       AC:  3    Str:  5    XL:     3   Next: 69%
Magic:  4/10       EV: 12    Int: 21    God:
Gold:   108        SH:  4    Dex: 15    Spells: 8/9 levels left

rFire   . . .        h - +1 dagger (elec)
rCold   . . .        n - +0 buckler
rNeg    . . .        a - +0 robe
rPois   .            (no helmet)
rElec   .            (no cloak)
rCorr   .            l - +0 pair of gloves
SInv    .            (no boots)
Will    .....        (no amulet)
Stlth   ++           (no ring)
HPRegen 0.23/turn    (no ring)
MPRegen 0.12/turn

%: no passive effects
@: no status effects
A: no striking features
a: no special abilities


You were on level 3 of the Dungeon.
You visited 1 branch of the dungeon, and saw 3 of its levels.

You collected 108 gold pieces.

Inventory:

Hand Weapons
 h - a +1 dagger of electrocution (weapon)
Armour
 a - a +0 robe (worn)
 l - a +0 pair of gloves (worn)
 n - a +0 buckler (worn)
Jewellery
 t - a ring of poison resistance
Scrolls
 d - a scroll of immolation {unknown}
 g - a scroll of summoning {unknown}
 i - a scroll of amnesia {unknown}
 j - a scroll of enchant armour {unknown}
 k - 3 scrolls of identify {unknown}
 m - a scroll of vulnerability {unknown}
 p - 2 scrolls of blinking {unknown}
 q - a scroll of brand weapon {unknown}
Potions
 b - a potion of magic
 c - 2 potions of lignification {unknown}
 e - 3 potions of curing {unknown}
 f - 2 potions of heal wounds {unknown}
 o - a potion of degeneration {unknown}
 r - a potion of attraction {unknown}
 s - a potion of mutation {unknown}
 u - a potion of invisibility {unknown}
 v - a potion of brilliance {unknown}


   Skills:
 + Level 3.0 Dodging
 + Level 3.1 Stealth
 + Level 3.6 Spellcasting
 + Level 1.9 Conjurations
 * Level 3.8 Fire Magic


You had 8 spell levels left.
You knew the following spells:

 Your Spells              Type           Power      Damage    Failure   Level
a - Foxfire               Conj/Fire      64%        2x1d7     8%          1

Your spell library contained the following spells:

 Spells                   Type           Power      Damage    Failure   Level
 Scorch                   Fire           40%        2d6       8%          2
 Inner Flame              Hex/Fire       11%        N/A       32%         3
 Volatile Blastmotes      Fire/Tloc      22%        2d11      32%         3
 Flame Wave               Conj/Fire      16%        2d7       58%         4


Dungeon Overview and Level Annotations

Branches:
Dungeon (3/15)

Altars:

Shops:
D:2 (


Message History

The orc attacks as it pursues you! The orc hits you but does no damage.
Casting: Foxfire (safe; 8% risk of failure)
Confirm with . or Enter, or press ? or * to list all spells.
You conjure some foxfire!
The foxfire hits the orc but does no damage.
The orc is lightly wounded.
The foxfire hits the orc but does no damage.
The orc is lightly wounded.
Casting: Foxfire (safe; 8% risk of failure)
Confirm with . or Enter, or press ? or * to list all spells.
You conjure some foxfire!
The orc hits you with a +0 short sword.
The foxfire hits the orc but does no damage.
The orc is lightly wounded.
The foxfire hits the orc.
The orc is almost dead.
The orc hits you with a +0 short sword.
Casting: Foxfire (safe; 8% risk of failure)
Confirm with . or Enter, or press ? or * to list all spells.
You conjure some foxfire!
Something hits you.
* * * LOW HITPOINT WARNING * * *
You block the orc's attack.
The foxfire hits the orc!
You kill the orc!
Something hits you but does no damage.
Casting: Foxfire (safe; 8% risk of failure)
Confirm with . or Enter, or press ? or * to list all spells.
You conjure some foxfire!
Something hits you.
* * * LOW HITPOINT WARNING * * *
The foxfire hits something but does no damage.
The foxfire hits something.
Casting: Foxfire (safe; 8% risk of failure)
Confirm with . or Enter, or press ? or * to list all spells.
You conjure some foxfire!
You hear some strange, mumbled words.
Something tries to affect you, but you resist.
The foxfire hits the orc but does no damage.
Casting: Foxfire (safe; 8% risk of failure)
Confirm with . or Enter, or press ? or * to list all spells.
Nothing appears to happen.
The foxfire hits something.
Something hits you.
You die...

## .#################
.........o.......#
.###############.# .#
##########.######## o##..
........##.........
.##.#########.##o########
###.##.........)@#
###.##....###.##.#
.....+....# #.##.#
....##....# #.##.#
....+.##### #.##.#
....#.#### #.##..
###......# #.##.#
#.#....# #)#### #.#....#


You could see an orc.

Vanquished Creatures
  An adder (D:3)
  2 dart slugs (D:1)
  A ribbon worm (D:2)
  2 orcs (D:3)
  7 ball pythons
  7 endoplasms
  2 giant cockroaches
  3 hobgoblins
  A quokka (D:2)
  3 bats
  A frilled lizard (D:1)
  A goblin (D:1)
  4 kobolds
  2 rats
37 creatures vanquished.

Vanquished Creatures (collateral kills)
  6 foxfires (D:2)
6 creatures vanquished.

Vanquished Creatures (others)
  241 foxfires
241 creatures vanquished.

Grand Total: 284 creatures vanquished

Notes
Turn   | Place    | Note
-------+----------+-------------------------------------------
     0 | D:1      | Arctor the Deep Elf Fire Elementalist began the quest for
                  | the Orb.
     0 | D:1      | Reached XP level 1. HP: 10/10 MP: 6/6
   529 | D:1      | Reached XP level 2. HP: 15/15 MP: 5/8
  1896 | D:2      | Reached XP level 3. HP: 19/19 MP: 4/9
  2022 | D:2      | Found Karrox's Antique Weapon Emporium.
  2386 | D:2      | Found a faded altar of an unknown god.
  3219 | D:3      | Slain by an orc wizard

Illustrated notes

Levels and vault maps discovered:
D:1:      onia_arrival_mini_maze_b, layout_basic
D:2:      layout_basic, serial_shops, shop,
          shapermc_ecumenical_altar_mp_urbaneastern
D:3:      layout_basic, general_overflow_altar

Skill      XL: |  1  2  3 |
---------------+----------+-----
Stealth        | 3 |  3.1
Dodging        | 3 |  3.0
Spellcasting   | |  3.6
Conjurations   | |  1.9
Fire Magic     | |  3.8

Action                     || total
---------------------------++-------
  Melee: Unarmed           ||     2
   Cast: Foxfire           ||   149
   Stab: Sleeping          ||     1
 Armour: Robe              ||    25
  Dodge: Dodged            ||    16
  Block: Buckler           ||     3
